 Dungeon Crawl Stone Soup version 0.31.0-1-g2c135a008e (webtiles) character file.

Game seed: 8253393223791069562

58 qw the Shooter (level 4, -1/34 HPs)
             Began as a Djinni Hunter on Jan 23, 2024.
             Slain by a hobgoblin (3 damage)
             ... led by Robin
             ... on level 2 of the Dungeon.
             The game lasted 00:00:04 (922 turns).

qw the Shooter (Djinni Hunter)                       Turns: 922, Time: 00:00:04

Health: -1/34      AC:  3    Str: 10    XL:     4   Next: 20%
Gold:   48         EV: 17    Int: 10    God:
                   SH:  0    Dex: 19

rFire   + + .        e - +0 orcbow
rCold   x . .        (shield currently unavailable)
rNeg    . . .        c - +0 leather armour
rPois   inf          (no helmet)
rElec   .            (no cloak)
rCorr   .            (no gloves)
SInv    .            (boots unavailable)
Will    .....        (no amulet)
Stlth   ++           i - +5 ring of evasion
HPRegen 0.25/turn    (no ring)
MPRegen 0.00/turn

%: infuse magic (-2 HP)
@: flying
A: sickness immunity, fire resistance 2, cold vulnerability 1, float, innate
caster, HP casting, extra vitality 1
a: no special abilities


You were on level 2 of the Dungeon.
You visited 1 branch of the dungeon, and saw 2 of its levels.

You collected 48 gold pieces.


Innate Abilities, Weirdness & Mutations

You are immune to sickness and miasma.
You are immune to poison.
Your flesh is very heat resistant. (rF++)
You are vulnerable to cold. (rC-)
You float through the air rather than walking.
You learn spells naturally, not from books.
Your magical power is your life essence.
You have superior vitality. (+4 MHP)


   Skills:
 + Level 2.9 Fighting
 - Level 4.1 Ranged Weapons
 - Level 2.1 Dodging
 - Level 0.7 Stealth


You knew the following spells:

 Your Spells              Type           Power      Damage    Failure   Level
a - Magic Dart            Conj           0%         1d3       45%         1
Your spell library was empty.

Inventory:

Hand Weapons
 e - a +0 orcbow (weapon)
Armour
 c - a +0 leather armour (worn)
Jewellery
 i - a +5 ring of evasion (left hand)
Scrolls
 b - a scroll of blinking {unknown}
Potions
 a - a potion of heal wounds {unknown}
 h - a potion of enlightenment {unknown}

Dungeon Overview and Level Annotations

Branches:
Dungeon (2/15)

Altars:

Shops:
D:2 (=

Annotations:
D:2 Robin


Message History

The goblin barely misses you. The goblin hits you but does no damage.
You shoot an arrow. The arrow hits the goblin.
You kill the goblin!
The goblin completely misses you. The goblin barely misses you.
The goblin hits you but does no damage.
You shoot an arrow. The arrow hits the goblin!
You kill the goblin!
The goblin barely misses you.
You shoot an arrow. The arrow closely misses the goblin.
The goblin closely misses you.
You shoot an arrow.
The arrow hits the goblin but does no damage.
The goblin closely misses you.
You shoot an arrow. The arrow misses the goblin.
The goblin no longer looks unusually strong.
The goblin completely misses you. The goblin barely misses you.
The goblin hits you with a +0 dagger.
You shoot an arrow. The arrow hits the goblin.
You kill the goblin!
You shoot an arrow. The arrow closely misses the goblin.
The goblin misses you. The hobgoblin misses you. The hobgoblin hits you.
The goblin completely misses you.
You shoot an arrow. The arrow hits the goblin.
You kill the goblin!
The hobgoblin no longer looks unusually strong. x2
You shoot an arrow. The arrow hits the hobgoblin!
You kill the hobgoblin!
You shoot an arrow. The arrow closely misses the hobgoblin.
The hobgoblin no longer looks unusually strong.
The hobgoblin misses you. Robin throws the goblin at you!
The goblin barely misses you. The goblin misses you.
The hobgoblin barely misses you.
You shoot an arrow. The arrow barely misses the goblin.
The goblin misses you. The goblin barely misses you. The hobgoblin hits you.
Robin roars a battlecry!
The goblins go into a battle-frenzy!
You shoot an arrow. The arrow hits the goblin!
You kill the goblin!
The goblin hits you with a +0 club. The hobgoblin hits you.
You die...

.......##.........)...
## #...##....\.....
#.#####......... #.#
#.........
##.#####.........
#................
##>.....#.........
#.)####..........#
#@## ######.###..


#.gggg# #.# #.. #.g#### #.# #.. ...# ... ..# .# ..# ### ..# You could see Robin,
3 hobgoblins and a goblin (strong).

Vanquished Creatures
  2 adders (D:2)
  A dart slug (D:2)
  6 ball pythons
  9 goblins
  4 hobgoblins
  4 jackals (D:1)
  A quokka (D:2)
  3 bats (D:2)
  2 frilled lizards (D:1)
  4 kobolds
36 creatures vanquished.

Notes
Turn   | Place    | Note
-------+----------+-------------------------------------------
     0 | D:1      | qw the Djinni Hunter began the quest for the Orb.
     0 | D:1      | Reached XP level 1. HP: 18/18 MP: 0/0
     0 | D:1      | 0 ||| qw: Version: 0.3-a-136-gdd3b4e8
     0 | D:1      | 0 ||| qw: Game counter: 1096
     0 | D:1      | 0 ||| qw: Melee chars always use a shield: true
     0 | D:1      | 0 ||| qw: God list: Okawaru
     0 | D:1      | 0 ||| qw: Allow faded altars: false
     0 | D:1      | 0 ||| qw: Do Orc after clearing Dungeon:15 true
     0 | D:1      | 0 ||| qw: Do second Lair branch before Depths: true
     0 | D:1      | 0 ||| qw: Lair rune preference: random
     0 | D:1      | 0 ||| qw: Goals: Normal
     0 | D:1      | 0 ||| PLANNING D:1-11
    62 | D:1      | 62 ||| SWAPPING to +0 orcbow.
    63 | D:1      | 63 ||| DROPPING +0 shortbow.
    89 | D:1      | Reached XP level 2. HP: 17/23 MP: 0/0
   695 | D:1      | 695 ||| UPGRADING to +5 ring of evasion.
   696 | D:1      | 696 ||| READING scroll labelled YWNUKLE YKUDISH.
   697 | D:1      | 697 ||| READING scroll labelled ZYPRUJ ATUUWYCK.
   698 | D:1      | 698 ||| READING scroll labelled HEYSUT FOTITY.
   699 | D:1      | 699 ||| READING scroll labelled FOTSIP GAHAMA.
   700 | D:1      | 700 ||| DROPPING scroll of butterflies.
   718 | D:2      | 718 ||| RETREEEEATING.
   727 | D:2      | Reached skill level 4 in Ranged Weapons
   727 | D:2      | Reached XP level 3. HP: 27/28 MP: 0/0
   727 | D:2      | Learned a level 1 spell: Magic Dart
   821 | D:2      | Found Kycilot's Antique Weapon Shoppe.
   821 | D:2      | Found Otzulet's Jewellery Emporium.
   834 | D:2      | 834 ||| SHOPLISTING +4 ring of protection (396 gold, have
                  | 28).
   834 | D:2      | 834 ||| SHOPLISTING +5 ring of evasion (396 gold, have 28).
   834 | D:2      | 834 ||| SHOPLISTING ring "Taofunin" {rF+ rC+ Dex+6 Slay+2}
                  | (719 gold, have 28).
   834 | D:2      | 834 ||| SHOPLISTING ring of fire (275 gold, have 28).
   834 | D:2      | 834 ||| SHOPLISTING ring of ice (275 gold, have 28).
   834 | D:2      | 834 ||| SHOPLISTING ring of positive energy (220 gold, have
                  | 28).
   848 | D:2      | Reached XP level 4. HP: 34/34 MP: 0/0
   902 | D:2      | Noticed Robin
   910 | D:2      | HP: 8/34 [goblin/+0 dagger[Robin] (3)]
   915 | D:2      | HP: 8/34 [goblin/+0 dagger[Robin] (2)]
   921 | D:2      | HP: 7/34 [hobgoblin[Robin] (2)]
   922 | D:2      | HP: 2/34 [goblin/+0 club[Robin] (5)]
   922 | D:2      | Slain by a hobgoblin

Levels and vault maps discovered:
D:1:      dpeg_arrival_line_fractal, layout_basic
D:2:      layout_rooms, serial_shops, shop, shop, shop, nicolae_shop_rolled_up,
          uniq_robin

Skill      XL: |  1  2 |
---------------+-------+-----
Ranged Weapons | 4 |  4.1
Fighting       | |  2.9
Dodging        | |  2.1
Stealth        | |  0.7

Action                     |  1- 3 |  4- 6 || total
---------------------------+-------+-------++-------
   Fire: Orcbow            |    74 |    31 ||   105
         Shortbow          |     2 |       ||     2
    Use: Scroll            |     4 |       ||     4
 Armour: Leather armour    |    29 |    24 ||    53
  Dodge: Dodged            |    53 |    51 ||   104

Table legend:
 A = Non-vault XP
 B = Vault XP
 C = Vault XP percentage of total XP
 D = Non-vault monster count
 E = Vault monster count
 F = Vault count percentage of total count
                 A         B        C        D         E       F
            +---------+---------+-------+---------+---------+-------
      Total |      72 |      13 |  15.3 |      29 |       7 |  19.4
            +---------+---------+-------+---------+---------+-------
        D:1 |      23 |       0 |   0.0 |      14 |       0 |   0.0
        D:2 |      49 |      13 |  21.0 |      15 |       7 |  31.8
            +---------+---------+-------+---------+---------+-------
